 Dungeon Crawl Stone Soup version 0.30.0-29-ga12c61a403 (webtiles) character file.

Game seed: 6357878223962947189

1458 LynnLen the Covert (level 8, -1/36 HPs)
             Began as a Spriggan Enchanter on June 18, 2023.
             Was a Follower of Dithmenos.
             Slain by a sleepcap (3 damage)
             ... on level 6 of the Dungeon.
             The game lasted 00:14:34 (5354 turns).

LynnLen the Covert (Spriggan Enchanter)             Turns: 5354, Time: 00:14:34

Health: -1/36      AC:  2    Str:  4    XL:     8   Next: 47%
Magic:  18/18      EV: 17    Int: 18    God:    Dithmenos [*.....]
Gold:   210        SH:  0    Dex: 16    Spells: 8/19 levels left

rFire   . . .        a - +1 dagger
rCold   . . .        (no shield)
rNeg    . . .        b - +0 robe
rPois   .            (helmet restricted)
rElec   .            (no cloak)
rCorr   .            (gloves unavailable)
SInv    +            (boots unavailable)
Will    +....        (no amulet)
Stlth   ++++++       (no ring)
HPRegen 0.26/turn    (no ring)
MPRegen 0.16/turn

%: no passive effects
@: wreathed by umbra, very quick
A: very small, no large weapons, unfitting armour, see invisible, speed 3
a: Renounce Religion


You were on level 6 of the Dungeon.
You worshipped Dithmenos.
Dithmenos was aware of your devotion.
You visited 2 branches of the dungeon, and saw 7 of its levels.

You collected 210 gold pieces.

Inventory:

Hand Weapons
 a - a +1 dagger (weapon)
 x - a +1 whip of flaming
Missiles
 l - 45 stones (quivered)
 m - a throwing net
Armour
 b - a +0 robe (worn)
Jewellery
 u - a ring of willpower
Scrolls
 d - 4 scrolls of blinking
 f - 2 scrolls of poison {unknown}
 g - a scroll of butterflies {unknown}
 i - a scroll of noise {unknown}
 j - a scroll of amnesia {unknown}
 k - a scroll of magic mapping
 n - a scroll of immolation {unknown}
 p - 2 scrolls of torment
 q - a scroll of fear {unknown}
 r - 2 scrolls of enchant armour {unknown}
 t - a scroll of vulnerability {unknown}
 y - a scroll of teleportation {unknown}
Potions
 c - 2 potions of invisibility
 e - a potion of resistance {unknown}
 h - 2 potions of haste
 o - a potion of berserk rage {unknown}
 s - 2 potions of lignification
 v - a potion of might
 w - a potion of ambrosia {unknown}
 z - a potion of flight {unknown}
 A - a potion of attraction {unknown}
 B - 2 potions of mutation
 C - a potion of heal wounds {unknown}


   Skills:
 - Level 1.1 Short Blades
 - Level 2.6 Dodging
 + Level 12.1 Stealth
 + Level 6.2 Spellcasting
 * Level 0.6 Conjurations
 + Level 7.5 Hexes
 * Level 0.7 Earth Magic
 * Level 0.8 Invocations


You had 8 spell levels left.
You knew the following spells:

 Your Spells              Type           Power      Damage    Failure   Level
a - Ensorcelled Hibernat  Hex/Ice        38%        N/A       3%          2
b - Confusing Touch       Hex            32%        N/A       1%          3
c - Tukima's Dance        Hex            32%        N/A       1%          3
d - Stone Arrow           Conj/Erth      16%        3d8       26%         3

Your spell library contained the following spells:

 Spells                   Type           Power      Damage    Failure   Level
 Slow                     Hex            100%       N/A       1%          1
 Dazzling Flash           Conj/Hex       40%        N/A       7%          3
 Passwall                 Tmut/Erth      5%         N/A       16%         2
 Swiftness                Air            5%         N/A       34%         3
 Vampiric Draining        Necr           5%         2d6       34%         3
 Animate Armour           Summ/Erth      14%        N/A       69%         4
 Lehudib's Crystal Spear  Conj/Erth      4%         10d3      100%        8


Dungeon Overview and Level Annotations

Branches:
Dungeon (6/15)             Temple (1/1) D:4

Altars:
Dithmenos
Elyvilon
Gozag
Kikubaaqudgha
Makhleb
Qazlal
Ru
Uskayaw
Vehumet
Xom
Zin
The Shining One

Shops:
D:1 *   D:3 =


Innate Abilities, Weirdness & Mutations

You are very small and have problems with some larger weapons.
You are too small for most types of armour.
You have supernaturally acute eyesight. (SInv)
You cover ground extremely quickly. (Speed+++)


Message History

The sleepcap is moderately damaged.
The sleepcap seems less confused.
The sleepcap misses you.
You hit the sleepcap.
The sleepcap is heavily damaged.
The sleepcap releases spores at you.
You hit the sleepcap.
The sleepcap is severely damaged.
You hit the sleepcap but do no damage.
The sleepcap is severely damaged.
The sleepcap closely misses you.
You hit the sleepcap but do no damage.
The sleepcap is severely damaged.
The sleepcap barely misses you.
You hit the sleepcap.
The sleepcap is severely damaged.
The sleepcap completely misses you.
You hit the sleepcap but do no damage.
The sleepcap is severely damaged.
The sleepcap misses you.
You completely miss the sleepcap.
The sleepcap is severely damaged.
The sleepcap releases spores at you.
You are engulfed in a cloud of soporific spores!
You fall asleep.
The sleepcap releases spores at you!
You wake up.
* * * LOW HITPOINT WARNING * * *
You are engulfed in a cloud of soporific spores!
You are unaffected.
Unknown command.
Okay, then.
You hit the sleepcap but do no damage.
The sleepcap is severely damaged.
The sleepcap misses you.
You hit the sleepcap.
The sleepcap is almost destroyed.
The sleepcap completely misses you.
You hit the sleepcap but do no damage.
The sleepcap is almost destroyed.
The sleepcap releases spores at you.
You die...

####.oo## #.#
.......o..###.#####.#
#.......$...........#
........###.#
#..f......#.##########
#.. #f.........=....
#.. #.#.†###o##.###
#.# #.#..# #f# #.#
#.#..# #@#
###.#####.#..###.#
.................#
###.......#..#####
.......####..#
........# #.$#
##.....## #..#
##.....)....#
#.........##


You could see a sleepcap and an orc priest.

Vanquished Creatures
  Grinder (D:3)
  Menkaure (D:5)
  The ghost of booth the Conjurer, an amateur DsRe (D:4)
  A black bear (D:5)
  An ogre (D:4)
  A scorpion (D:4)
  2 howler monkeys
  A gnoll bouda (D:3)
  A hound (D:4)
  2 jellies (D:5)
  3 orc priests
  3 iguanas
  4 orc wizards (D:5)
  Robin (D:2)
  8 adders
  2 gnolls (D:3)
  A white imp (D:5)
  A worm (D:3)
  A dart slug (D:3)
  16 orcs
  4 ball pythons
  7 endoplasms
  4 giant cockroaches
  9 goblins
  5 hobgoblins
  12 jackals
  4 quokkas
  7 bats
  4 frilled lizards
  5 kobolds
  3 rats
116 creatures vanquished.

Vanquished Creatures (collateral kills)
  Blork the orc (D:5)
  An orc priest (D:5)
  A gnoll (D:3)
  An orc (D:5)
4 creatures vanquished.

Vanquished Creatures (others)
  2 dancing weapons (D:3)
2 creatures vanquished.

Grand Total: 122 creatures vanquished

Notes
Turn   | Place    | Note
-------+----------+-------------------------------------------
     0 | D:1      | LynnLen the Spriggan Enchanter began the quest for the Orb.
     0 | D:1      | Reached XP level 1. HP: 9/9 MP: 5/5
   172 | D:1      | Reached XP level 2. HP: 5/13 MP: 6/6
   323 | D:1      | Reached skill level 5 in Stealth
   541 | D:1      | Found a faded altar of an unknown god.
   602 | D:1      | Learned a level 2 spell: Ensorcelled Hibernation
   679 | D:1      | Reached XP level 3. HP: 16/16 MP: 8/8
   734 | D:1      | Found Dolurog's Assorted Antiques.
  1623 | D:2      | Noticed Robin
  1641 | D:2      | Killed Robin
  1664 | D:2      | Learned a level 3 spell: Confusing Touch
  1668 | D:2      | Learned a level 3 spell: Tukima's Dance
  1897 | D:3      | Reached skill level 6 in Stealth
  1900 | D:3      | Reached XP level 4. HP: 19/21 MP: 4/9
  2126 | D:3      | Found Tecanixki's Jewellery Shoppe.
  2203 | D:3      | Noticed Grinder
  2258 | D:3      | Killed Grinder
  2259 | D:3      | Reached skill level 7 in Stealth
  2259 | D:3      | Reached skill level 5 in Hexes
  2259 | D:3      | Reached XP level 5. HP: 4/24 MP: 6/11
  2259 | D:3      | Reached XP level 6. HP: 4/28 MP: 6/12
  2464 | D:3      | Reached skill level 8 in Stealth
  2980 | D:4      | Found a staircase to the Ecumenical Temple.
  3016 | D:4      | Reached skill level 9 in Stealth
  3016 | D:4      | Reached XP level 7. HP: 32/32 MP: 14/14
  3091 | Temple   | Entered the Ecumenical Temple
  3268 | Temple   | Became a worshipper of Dithmenos the Shadowed
  3406 | D:4      | Found a runed translucent door.
  3406 | D:4      | Noticed booth's ghost (amateur DsRe)
  3880 | D:4      | Killed booth's ghost
  3881 | D:4      | Reached skill level 10 in Stealth
  3881 | D:4      | Reached skill level 5 in Spellcasting
  3915 | D:5      | Entered Level 5 of the Dungeon
  4117 | D:5      | Found a sacrificial altar of Ru.
  4167 | D:5      | Noticed Blork the orc
  4188 | D:5      | Reached * piety under Dithmenos
  4196 | D:5      | Killed Blork the orc
  4197 | D:5      | Reached skill level 11 in Stealth
  4345 | D:5      | Reached XP level 8. HP: 33/36 MP: 14/17
  4368 | D:5      | Noticed Menkaure
  4378 | D:5      | Killed Menkaure
  4382 | D:5      | Found a radiant altar of Vehumet.
  4544 | D:5      | Found a white marble altar of Elyvilon.
  4544 | D:5      | Found a glowing golden altar of the Shining One.
  4544 | D:5      | Found a glowing silver altar of Zin.
  4581 | D:5      | Learned a level 3 spell: Stone Arrow
  4921 | D:5      | Reached skill level 12 in Stealth
  5123 | D:5      | Found a shimmering altar of Xom.
  5354 | D:6      | Slain by a sleepcap

Illustrated notes

Levels and vault maps discovered:
D:1:      lemuel_arrival_lava_pool, layout_basic, serial_shops, shop,
          shapermc_ecumenical_altar_mp_ritualfount
D:2:      layout_basic, uniq_robin
D:3:      layout_loops_ring, serial_shops, nicolae_diamond_shop,
          grunt_ministairs_15, uniq_grinder
D:4:      layout_gridville, minmay_temple_entry_waves,
          hellmonk_ghost_happy_afterlife
D:5:      layout_loops_ring, good_gods_mini_temple,
          nicolae_ru_great_annihilating_truth, mainiacjoe_overflow_24_doors,
          xom_teletrap_fun, uniq_blork_the_orc, uniq_menkaure
D:6:      layout_loops_ring, nemelex_diamond_rough_becter,
          pdpol_wu_jian_five_deadly_venoms, nicolae_overflow_hidden_temple,
          mainiacjoe_overflow_brackets, nicolae_figureground_sparkle,
          uniq_duvessa
Temple:   hellmonk_temple_beads

Skill      XL: |  1  2  3  4  5  6  7  8 |
---------------+-------------------------+-----
Hexes          | 4 5 6 7 |  7.5
Stealth        | 5 6 7 9 11 12 | 12.1
Spellcasting   | 3 4 5 6 |  6.2
Short Blades   | |  1.1
Dodging        | |  2.6
Conjurations   | |  0.6
Earth Magic    | |  0.7
Invocations    | |  0.8

Action                     |  1- 3 |  4- 6 |  7- 9 || total
---------------------------+-------+-------+-------++-------
  Melee: Dagger            |   189 |    90 |   155 ||   434
         Punch             |     2 |     1 |     1 ||     4
   Cast: Ensorcelled Hiber |     3 |     4 |    33 ||    40
         Confusing Touch   |       |     2 |     4 ||     6
         Tukima's Dance    |       |     4 |     3 ||     7
    Use: Scroll            |     1 |     4 |     1 ||     6
   Stab: Sleeping          |     3 |    13 |    33 ||    49
         Confused          |       |     3 |     3 ||     6
         Distracted        |       |       |     2 ||     2
 Armour: Robe              |    29 |     6 |    10 ||    45
  Dodge: Dodged            |   198 |    51 |    92 ||   341
